 Dungeon Crawl Stone Soup version 0.29-a0-317-gd16b76e6b1 (webtiles) character file.

Game seed: 16066293941587571868

508 Ijustatesigmund the Grave Robber (level 6, -5/32 HPs)
             Began as a Deep Elf Necromancer on Apr 1, 2022.
             Slain by an ogre
             ... wielding a +0 giant spiked club
              (31 damage)
             ... on level 5 of the Dungeon.
             The game lasted 00:09:09 (7142 turns).

Ijustatesigmund the Grave Robber (DENe)             Turns: 7142, Time: 00:09:11

Health: -5/32      AC:  5    Str:  5    XL:     6   Next: 98%
Magic:  15/21      EV: 11    Int: 22    God:
Gold:   253        SH:  0    Dex: 15    Spells: 6/11 levels left

rFire   . . .      SeeInvis .   c - +1 short sword
rCold   . . .      Faith    .   (no shield)
rNeg    . . .      Spirit   .   a - +1 leather armour
rPois   .          Reflect  .   (no helmet)
rElec   .          Harm     .   (no cloak)
rCorr   .          Rampage  .   (no gloves)
Will    .....                   n - +0 pair of boots
Stlth   ++........              (no amulet)
HPRegen 0.10/turn               h - ring of magical power
MPRegen 0.17/turn               (no ring)

@: no status effects
A: no striking features
a: no special abilities


You were on level 5 of the Dungeon.
You visited 2 branches of the dungeon, and saw 6 of its levels.

You collected 253 gold pieces.

Inventory:

Hand Weapons
 c - a +1 short sword (weapon)
 d - the +5 shortbow of the Crushed Orbs {flame, +Blink Int+2 Dex+4}
   (You found it on level 2 of the Dungeon)

   Any ammunition fired from it burns those it strikes, dealing additional fire
   damage.
   Int:       It affects your intelligence (+2).
   Dex:       It affects your dexterity (+4).
   +Blink:    It lets you blink.
Armour
 a - a +1 leather armour (worn)
 m - an orb of energy
 n - a +0 pair of boots (worn)
Jewellery
 h - a ring of magical power (left hand)
 p - a ring of positive energy
Scrolls
 l - 4 scrolls of teleportation
 o - 3 scrolls of identify
Potions
 b - 2 potions of magic
 e - 2 potions of mutation
 f - a potion of might
 g - a potion of flight
 i - 5 potions of heal wounds
 j - a potion of brilliance
 k - 4 potions of curing
 q - a potion of attraction {unknown}


   Skills:
 + Level 4.1 Armour
 - Level 2.4 Dodging
 - Level 2.4 Stealth
 - Level 3.0 Spellcasting
 + Level 7.9 Necromancy


You had 6 spell levels left.
You knew the following spells:

 Your Spells              Type           Power      Damage    Failure   Level
a - Pain                  Necr           100%       1d9       1%          1
b - Animate Dead          Necr           19%        N/A       8%          4

Your spell library contained the following spells:

 Spells                   Type           Power      Damage    Failure   Level
 Animate Skeleton         Necr           76%        N/A       1%          1
 Vampiric Draining        Necr           38%        2d8       2%          3
 Agony                    Necr           38%        N/A       21%         5


Dungeon Overview and Level Annotations

Branches:
Dungeon (5/15)             Temple (1/1) D:5

Altars:
Ashenzari
Dithmenos
Elyvilon
Gozag
Hepliaklqana
Kikubaaqudgha
Nemelex Xobeh
Okawaru
Qazlal
Sif Muna
Trog
Uskayaw
Vehumet
Wu Jian
Xom
Yredelemnul
The Shining One


Message History

Casting: Pain (safe; 1% risk of failure)
Confirm with . or Enter, or press ? or * to list all spells.
You can't see any susceptible monsters within range! (Use Z to cast anyway.)
The ogre shouts!
Casting: Pain (safe; 1% risk of failure)
Confirm with . or Enter, or press ? or * to list all spells.
You can't see any susceptible monsters within range! (Use Z to cast anyway.)
Casting: Pain (safe; 1% risk of failure)
Confirm with . or Enter, or press ? or * to list all spells.
Aiming: Pain (safe; 1% risk of failure)
Press: ? - help, Shift-Dir - straight line, f - ogre
Aim: an ogre, wielding a +0 giant spiked club (chance to affect: 83%)
The ogre writhes in agony!
Casting: Pain (safe; 1% risk of failure)
Confirm with . or Enter, or press ? or * to list all spells.
Aiming: Pain (safe; 1% risk of failure)
Press: ? - help, Shift-Dir - straight line, f/p - ogre
Aim: an ogre, wielding a +0 giant spiked club (moderately wounded, chance to affect: 83%)
The ogre barely resists.
Casting: Pain (safe; 1% risk of failure)
Confirm with . or Enter, or press ? or * to list all spells.
Aiming: Pain (safe; 1% risk of failure)
Press: ? - help, Shift-Dir - straight line, f/p - ogre
Aim: an ogre, wielding a +0 giant spiked club (moderately wounded, chance to affect: 83%)
The ogre barely resists.
Casting: Pain (safe; 1% risk of failure)
Confirm with . or Enter, or press ? or * to list all spells.
Aiming: Pain (safe; 1% risk of failure)
Press: ? - help, Shift-Dir - straight line, f/p - ogre
Aim: an ogre, wielding a +0 giant spiked club (moderately wounded, chance to affect: 83%)
The ogre writhes in agony.
Casting: Pain (safe; 1% risk of failure)
Confirm with . or Enter, or press ? or * to list all spells.
Aiming: Pain (safe; 1% risk of failure)
Press: ? - help, Shift-Dir - straight line, f/p - ogre
Aim: an ogre, wielding a +0 giant spiked club (moderately wounded, chance to affect: 83%)
The ogre writhes in agony!
The ogre hits you with a +0 giant spiked club!!
Ouch! That really hurt!
You die...

.##≈......#..# #.# #.# #.#
#.#≈...##....###.###.###.####
...≈.≈..##.#.......)..).....#
...≈≈.≈....#.###.###.###.##(#
###≈..######.###.# #...#.# #
#≈### #...#.#####.#.# ###
###.#.........# #########
#.#.......### ........#
#.#@####### ......#.# #.#O#
#####.#.######.#.#
#..........#.#
###.########.#### ###
#......# ## #......# ..#
##....## ≈...
≈≈≈#......#≈≈P.#


You could see an ogre.

Vanquished Creatures
  A black bear (D:4)
  A necrophage (D:4)
  A jelly (D:4)
  3 hounds
  An iguana (D:5)
  An orc wizard (D:3)
  7 adders
  An ufetubus (D:4)
  3 worms
  4 dart slugs
  11 orcs (D:3)
  A ball python (D:4)
  3 endoplasms
  3 giant cockroaches
  9 goblins
  6 hobgoblins
  9 jackals
  10 kobolds
  2 quokkas (D:1)
  9 bats
  3 frilled lizards
  6 rats
95 creatures vanquished.

Vanquished Creatures (others)
  3 fungi (D:2)
  17 plants
20 creatures vanquished.

Grand Total: 115 creatures vanquished

Notes
Turn   | Place    | Note
-------+----------+-------------------------------------------
     0 | D:1      | Ijustatesigmund the Deep Elf Necromancer began the quest
                  | for the Orb.
     0 | D:1      | Reached XP level 1. HP: 10/10 MP: 6/6
   105 | D:1      | Reached skill level 5 in Necromancy
   505 | D:1      | Reached XP level 2. HP: 7/15 MP: 6/8
   516 | D:1      | Reached skill level 1 in Armour
  1662 | D:2      | Reached XP level 3. HP: 18/19 MP: 9/9
  2358 | D:2      | Identified the +5 shortbow of the Crushed Orbs {flame,
                  | +Blink Int+2 Dex+4}
  2900 | D:2      | Found a faded altar of an unknown god.
  2904 | D:2      | Reached XP level 4. HP: 20/24 MP: 10/10
  3113 | D:3      | Reached skill level 6 in Necromancy
  3876 | D:3      | Reached XP level 5. HP: 15/28 MP: 11/11
  4044 | D:3      | Learned a level 4 spell: Animate Dead
  4757 | D:4      | Reached skill level 7 in Necromancy
  4910 | D:4      | Noticed a black bear
  4924 | D:4      | Reached XP level 6. HP: 27/32 MP: 12/12
  5517 | D:4      | Found a white marble altar of Elyvilon.
  6377 | D:5      | Entered Level 5 of the Dungeon
  6389 | D:5      | Found a staircase to the Ecumenical Temple.
  6399 | Temple   | Entered the Ecumenical Temple
  6644 | D:5      | Found a radiant altar of Vehumet.
  6650 | D:5      | Found a broken altar of Ashenzari.
  6651 | D:5      | Found an ornate altar of the Wu Jian Council.
  6651 | D:5      | Found a shimmering altar of Xom.
  6653 | D:5      | Found a shimmering blue altar of Sif Muna.
  6657 | D:5      | Found a sparkling altar of Nemelex Xobeh.
  6814 | D:5      | Found a hide-covered altar of Uskayaw.
  7142 | D:5      | Slain by an ogre

Illustrated notes

Levels and vault maps discovered:
D:1:      lemuel_arrival_broad_hall, layout_loops_ring
D:2:      layout_basic, dreamdust_ecumenical_altar_grove, serial_bayou_lagoon_a
D:3:      layout_basic, kennysheep_generic_room_7
D:4:      layout_basic, mainiacjoe_overflow_alcove_2, portal_sewer_entry_d,
          hex_medium
D:5:      wad_lake_hut, layout_loops_ring, mainiacjoe_overflow_24_doors,
          minitemple, mainiacjoe_overflow_six_doors_small, temple_statues,
          chequers_serial_rivers_micro_e, hex_large
Temple:   jpeg_temple_island

Skill      XL: |  1  2  3  4  5  6 |
---------------+-------------------+-----
Necromancy     | 5 6 7 |  7.9
Armour         | 1 2 3 4 |  4.1
Dodging        | |  2.4
Stealth        | |  2.4
Spellcasting   | |  3.0

Action                   |  1- 3 |  4- 6 || total
-------------------------+-------+-------++-------
Melee: Short sword       |     5 |    22 ||    27
 Cast: Pain              |    66 |   121 ||   187
  Use: Scroll            |     6 |     6 ||    12
       Potion            |       |     2 ||     2
Armor: Leather armour    |     3 |    15 ||    18
Dodge: Dodged            |     4 |    27 ||    31

Table legend: (Time is in decaauts)
 A = Elapsed time spent in this place.
 B = Non-inter-level travel time spent in this place.
 C = Inter-level travel time spent in this place.
 D = Time resting spent in this place.
 E = Time spent auto-exploring this place.
 F = Levels seen in this place.
 G = Mean time per level.
                   A        B        C        D        E       F      G
               +--------+--------+--------+--------+--------+-----+--------+
         Total |   7197 |   7085 |    112 |   1548 |   4909 |   6 | 1199.5 |
       Dungeon |   6924 |   6831 |     93 |   1548 |   4660 |   5 | 1384.8 |
        Temple |    272 |    253 |     19 |      0 |    249 |   1 |  272.0 |
               +--------+--------+--------+--------+--------+-----+--------+

Top non-repeatable levels by time:
     D:3: 1651 daAuts
     D:4: 1651 daAuts
     D:1: 1635 daAuts
     D:2: 1453 daAuts
     D:5: 533 daAuts
  Temple: 272 daAuts
